 Dungeon Crawl Stone Soup version 0.25.1-2-g60ff931df9 (webtiles) character file.

Game seed: 9507810774058226143

1123 DungeonDestroyer the Shield-Bearer (level 8, -3/63 HPs)
             Began as a Formicid Fighter on July 28, 2020.
             Was a Believer of Cheibriados.
             Slain by an orc warrior
             ... wielding a +0 scimitar of protection
              (4 damage)
             ... on level 6 of the Dungeon on July 29, 2020.
             The game lasted 00:07:54 (4576 turns).

DungeonDestroyer the Shield-Bearer (FoFi)           Turns: 4576, Time: 00:07:55

Health: -3/63      AC: 10    Str: 26    XL:     8   Next: 61%
Magic:  8/8        EV:  8    Int: 12    God:    Cheibriados [**....]
Gold:   287        SH: 11    Dex: 15    Spells: 7/7 levels left

rFire    + . .     SeeInvis +   a - +0 war axe
rCold    . . .     Gourm    .   c - +0 kite shield
rNeg     . . .     Faith    .   e - +0 chain mail
rPois    .         Spirit   .   (helmet unavailable)
rElec    .         Reflect  .   (no cloak)
rCorr    .         Harm     .   (no gloves)
MR       .....                  (no boots)
Stlth    ..........             p - amulet of magic regeneration (curse)
HPRegen  0.20/turn              j - ring of protection from fire
MPRegen  0.36/turn              l - ring of stealth

@: very slow
A: permanent stasis, dig shafts and tunnels, four strong arms, antennae 3
a: Dig, Shaft Self, Bend Time, Renounce Religion


You were on level 6 of the Dungeon.
You worshipped Cheibriados.
Cheibriados was pleased with you.
You were not hungry.

You visited 1 branch of the dungeon, and saw 6 of its levels.

You collected 287 gold pieces.

Inventory:

Hand Weapons
 a - a +0 war axe (weapon)
 h - a +0 morningstar
Missiles
 k - 4 javelins (quivered)
Armour
 c - a +0 kite shield (worn)
 e - a +0 chain mail (worn)
Jewellery
 j - a ring of protection from fire (left hand)
 l - a ring of stealth (right hand)
 p - a cursed amulet of magic regeneration (around neck)
Wands
 n - a wand of disintegration (4)
Scrolls
 g - 2 scrolls of amnesia
 q - a scroll of fog
 r - a scroll of fear
Potions
 b - a potion of flight
 d - 2 potions of might
 m - a potion of heal wounds
 o - a potion of brilliance
Comestibles
 f - 4 rations
 i - 6 chunks of flesh


   Skills:
 + Level 5.5 Fighting
 + Level 6.1 Axes
 + Level 5.5 Armour
 + Level 1.1 Dodging
 - Level 1.0 Stealth
 + Level 6.1 Shields
 * Level 1.3 Invocations
 * Level 1.1 Evocations


You had 7 spell levels left.
You didn't know any spells.
Your spell library was empty.

Dungeon Overview and Level Annotations

Branches:
Dungeon (6/15)             Temple (0/1) D:6

Altars:
Cheibriados
Dithmenos
Fedhas
Kikubaaqudgha
Nemelex Xobeh
Ru
Zin
The Shining One


Innate Abilities, Weirdness & Mutations

You cannot be hasted, slowed, berserked, paralysed or teleported.
You can dig through walls and to a lower floor.
Your four strong arms can wield two-handed weapons with a shield.
You have a pair of large antennae on your head. (SInv)


Message History

The orc wizard seems to speed up.
You block the orc priest's attack.
Unknown command.
You hit the orc priest.
The orc priest is moderately wounded.
You hit the orc warrior but do no damage.
You closely miss the orc wizard.
The orc wizard points at you and mumbles some strange words.
The magic dart hits you!
The orc warrior hits you with a +0 scimitar of protection!!
* * * LOW HITPOINT WARNING * * *
The orc priest hits you but does no damage.
The orc wizard hits you with a +0 dagger.
* * * LOW HITPOINT WARNING * * *
You slash the orc priest!
The orc priest is almost dead.
You slash the orc warrior! You slash the orc wizard!
The orc wizard mumbles some strange words.
The orc wizard blinks!
The orc warrior hits you with a +0 scimitar of protection.
You die...

****,,,,,,,,,,,,,,,************
,,,*,,*,,,,,,.o.,,,*
,*,,,,*,,,,,,#..,,,*
,,,,,,,,*#.,,#..*,**
*,****,,*#..,#.(##* ***
**,**#.##...# ***** ****,*
#.....o# **.*,, ***,,,,* *#...o§#
*##*..,,, **,,,,,*** *#..o@##
####.#...**,
*,,,,,,,,*####....####.#[..).#**,
*,,****,,.#>......##..........,,,
,,,*,***,........#.#..........,,*
,,,,,*,*,...#.................***
,,,,,,,,,..,#.................,,,
,,**,***,.,*#.#.#.#....##.#.#.*,,
,,,*** *#...#.#.#.#.##....#,***,,
,,*** #$....(.........#...*,,,,


You could see an orc warrior, an orc priest, an orc wizard (fast) and an orc.

Vanquished Creatures
  Sigmund (D:2)
  An ice beast (D:6)
  A phantom (D:5)
  A necrophage (D:6)
  An ogre (D:5)
  2 bullfrogs (D:6)
  A wyvern skeleton (D:2)
  2 howler monkeys (D:5)
  2 orc priests
  A centaur skeleton (D:4)
  A bullfrog skeleton (D:5)
  4 worker ants
  4 adders
  A shadow imp (D:5)
  An ooze (D:3)
  3 worms
  3 dart slugs
  4 leopard geckos
  9 orcs
  3 bats
  7 giant cockroaches
  7 hobgoblins
  2 quokkas (D:4)
  2 ball pythons (D:3)
  3 frilled lizards
  9 goblins
  4 kobolds
  8 rats
  A bush (D:2)
  2 plants (D:2)
91 creatures vanquished.

Notes
Turn   | Place    | Note
-------+----------+-------------------------------------------
     0 | D:1      | DungeonDestroyer the Formicid Fighter began the quest for
                  | the Orb.
     0 | D:1      | Reached XP level 1. HP: 18/18 MP: 1/1
   100 | D:1      | Reached XP level 2. HP: 23/24 MP: 2/2
   667 | D:2      | Reached XP level 3. HP: 25/29 MP: 3/3
   754 | D:2      | Found a snail-covered altar of Cheibriados.
  1090 | D:2      | Found a blossoming altar of Fedhas.
  1203 | D:2      | Noticed Sigmund
  1212 | D:2      | Killed Sigmund
  1212 | D:2      | Reached XP level 4. HP: 13/37 MP: 4/4
  1212 | D:2      | Reached XP level 5. HP: 15/42 MP: 5/5
  1212 | D:2      | Reached XP level 6. HP: 17/48 MP: 6/6
  1822 | D:2      | Found a glowing golden altar of the Shining One.
  1924 | D:2      | Became a worshipper of Cheibriados the Contemplative
  2634 | D:3      | Reached * piety under Cheibriados
  3078 | D:3      | Upgraded the game from 0.25.1-1-g288607f5aa to
                  | 0.25.1-2-g60ff931df9
  3156 | D:4      | Found a sparkling altar of Nemelex Xobeh.
  3251 | D:4      | Reached skill level 5 in Shields
  3251 | D:4      | Reached XP level 7. HP: 45/55 MP: 7/7
  3522 | D:4      | Found a sacrificial altar of Ru.
  3555 | D:4      | Found an ancient bone altar of Kikubaaqudgha.
  3927 | D:5      | Entered Level 5 of the Dungeon
  3936 | D:5      | Reached skill level 5 in Axes
  3945 | D:5      | Reached ** piety under Cheibriados
  3950 | D:5      | Reached skill level 5 in Armour
  3950 | D:5      | Reached skill level 1 in Dodging
  3950 | D:5      | Reached skill level 1 in Stealth
  3975 | D:5      | Reached skill level 5 in Fighting
  3975 | D:5      | Reached XP level 8. HP: 32/62 MP: 8/8
  4208 | D:5      | Found Ycuihole's Distillery.
  4282 | D:5      | Found a shadowy altar of Dithmenos.
  4316 | D:5      | Found a glowing silver altar of Zin.
  4541 | D:6      | Found a staircase to the Ecumenical Temple.
  4561 | D:6      | Reached skill level 1 in Invocations
  4561 | D:6      | Reached skill level 1 in Evocations
  4575 | D:6      | HP: 1/63 [orc wizard/+0 dagger (3)]
  4576 | D:6      | Slain by an orc warrior

Illustrated notes

Levels and vault maps discovered:
D:1:      lemuel_arrival_room, layout_loops_ring, minmay_tetromino_s4
D:2:      layout_loops_ring, kennysheep_slug_shrine, tso_metal_star,
          serial_forest, infiniplex_forest_lined_room_3,
          infiniplex_forest_clump_curved, infiniplex_forest_pool,
          infiniplex_forest_end_1, infiniplex_forest_end_1,
          infiniplex_forest_zigzag_1, infiniplex_forest_lined_ring,
          infiniplex_forest_clump_C, infiniplex_forest_lined_room_,
          infiniplex_forest_clump_small, fedhas_altar_3, uniq_sigmund
D:3:      layout_basic, first_ration, minmay_shallow_snake_nest
D:4:      layout_loops_ring, minitemple, chequers_serial_rivers_micro_d,
          nicolae_ru_the_path_less_chosen
D:5:      layout_rooms, kennysheep_mini_moat, serial_shops, shop,
          lemuel_tele_altar
D:6:      layout_cave_pools, minmay_temple_entry_ruins,
          cheibrodos_sewer_entry_bend, basic_altar

Skill      XL: |  1  2  3  4  5  6  7  8 |
---------------+-------------------------+-----
Shields        | 4 5 6 |  6.1
Armour         | 4 5 |  5.5
Fighting       | 4 5 |  5.5
Axes           | 3 4 5 6 |  6.1
Dodging        | 1 |  1.1
Stealth        | 1 |  1.0
Invocations    | 1 |  1.3
Evocations     | 1 |  1.1

Action                   |  1- 3 |  4- 6 |  7- 9 || total
-------------------------+-------+-------+-------++-------
Melee: War axe           |   160 |   118 |   122 ||   400
  Use: Scroll            |     2 |     4 |     4 ||    10
       Potion            |     2 |     4 |     1 ||     7
  Eat: Chunk             |     1 |     3 |     1 ||     5
       Ration            |       |     1 |     1 ||     2
Armor: Scale mail        |    10 |       |       ||    10
       Chain mail        |    24 |    54 |    59 ||   137
Dodge: Dodged            |    32 |    28 |    47 ||   107
Block: Kite shield       |    52 |    52 |    78 ||   182
